 Dungeon Crawl Stone Soup version 0.31-a0-963-ga325b2283a (webtiles) character file.

Game seed: 10804097133471405790

634 theanonym the Slasher (level 7, -1/64 HPs)
             Began as an Armataur Gladiator on Oct 24, 2023.
             Was an Initiate of Gozag.
             Slain by a scorpion (5 damage)
             ... in an ossuary.
             The game lasted 00:06:40 (2550 turns).

theanonym the Slasher (Armataur Gladiator)          Turns: 2550, Time: 00:06:41

Health: -1/64      AC:  5    Str: 22    XL:     7   Next: 25%
Magic:  7/7        EV:  9    Int:  8    God:    Gozag
Gold:   208        SH:  0    Dex: 11    Spells: 6/6 levels left

rFire   . . .        a - +0 long sword
rCold   . . .        (no shield)
rNeg    . . .        b - +0 leather armour
rPois   +            c - +0 helmet
rElec   .            (no cloak)
rCorr   .            (no gloves)
SInv    .            (no barding)
Will    .....        e - amulet of regeneration
Stlth   +            n - ring of poison resistance
HPRegen 1.10/turn    (no ring)
MPRegen 0.10/turn

%: roll
@: gold aura
A: large, rugged brown scales 3, deformed body, armoured tail, roll, long
tongue, awkward tongue
a: Renounce Religion, Potion Petition, Call Merchant, Bribe Branch


Innate Abilities, Weirdness & Mutations

You are completely covered in rugged brown scales. (AC +3, +7% HP)
Armour fits poorly on your strangely shaped body.
You have a long armoured tail.
You roll when moving toward enemies. (Rampage)
Your long tongue fully drains potion bottles. (2x potion effects)
Your tongue gives you trouble enunciating. (1.5x scroll delay)


   Skills:
 + Level 4.4 Fighting
 * Level 6.4 Long Blades
 - Level 1.7 Throwing
 - Level 2.1 Dodging


You had 6 spell levels left.
You didn't know any spells.
Your spell library contained the following spells:

 Spells                   Type           Power      Damage    Failure   Level
 Sting                    Tmut/Pois      0%         1d3       45%         1
 Poisonous Vapours        Pois/Air       0%         N/A       58%         2
 Olgreb's Toxic Radiance  Pois           0%         N/A       99%         4

Skill      XL: |  1  2  3  4  5  6 |
---------------+-------------------+-----
Fighting       | 2 3 4 |  4.4
Long Blades    | 3 4 5 6 |  6.4
Throwing       | |  1.7
Dodging        | |  2.1

Action                     |  1- 3 |  4- 6 |  7- 9 || total
---------------------------+-------+-------+-------++-------
  Melee: Long sword        |   107 |   172 |    30 ||   309
         Tailslap          |    10 |    24 |     4 ||    38
         Punch             |     1 |     2 |     1 ||     4
  Throw: Throwing net      |       |     4 |     1 ||     5
    Use: Scroll            |       |     6 |       ||     6
         Potion            |       |     3 |     3 ||     6
   Stab: Held in net/web   |       |     1 |       ||     1
 Armour: Leather armour    |    94 |   176 |    49 ||   319
  Dodge: Dodged            |    62 |   138 |    21 ||   221

Inventory:

Hand Weapons
 a - a +0 long sword (weapon)
Missiles
 d - a throwing net (quivered)
 f - a javelin
Armour
 b - a +0 leather armour (worn)
 c - a +0 helmet (worn)
Jewellery
 e - an amulet of regeneration (around neck)
 n - a ring of poison resistance (left hand)
Scrolls
 h - a scroll of noise
 p - a scroll of poison {unknown}
Potions
 i - 2 potions of brilliance
 w - a potion of curing You were in an ossuary. You worshipped Gozag. Gozag was aware of your devotion. You visited 2 branches of the dungeon, and saw 6 of its levels. You also visited: Ossuary. You collected 253 gold pieces. You paid 45 gold pieces to Gozag.

Dungeon Overview and Level Annotations

Branches:
Dungeon (6/15)             Temple (1/1) D:6         Ossuary (1/1)

Altars:
Ashenzari
Cheibriados
Dithmenos
Elyvilon
Gozag
Hepliaklqana
Kikubaaqudgha
Makhleb
Okawaru
Ru
Uskayaw
Xom
Zin

################# ###
#...#...#...s...#...#
+...8...'..@sZZ.'...#
#.......#...$...#...#
##+###8...8###########'##
#??.#.......#...#...#..?#
#!.!#...8...#...8...#!.?#
#..M#...#...#.......#M!!#
##########'###8...8######
#...#...#...#.......#...#
#...'...'...#...8...'...#


You could see 2 scorpions, a kobold zombie and a human zombie.

Notes
Turn   | Place    | Note
-------+----------+-------------------------------------------
     0 | D:1      | theanonym the Armataur Gladiator began the quest for the
                  | Orb.
     0 | D:1      | Reached XP level 1. HP: 18/18 MP: 1/1
    77 | D:1      | Reached skill level 2 in Fighting
    77 | D:1      | Reached skill level 3 in Long Blades
   166 | D:1      | Reached XP level 2. HP: 25/25 MP: 2/2
   853 | D:2      | Reached XP level 3. HP: 32/32 MP: 3/3
   863 | D:2      | Noticed Jessica
   867 | D:2      | Killed Jessica
   912 | D:2      | Reached skill level 4 in Long Blades
   912 | D:2      | Reached XP level 4. HP: 37/39 MP: 4/4
  1525 | D:3      | Found a sacrificial altar of Ru.
  1637 | D:3      | HP: 14/39 [hobgoblin/+2 morningstar of protection (9)]
  1643 | D:3      | HP: 19/39 [frilled lizard (2)]
  1668 | D:2      | Reached skill level 3 in Fighting
  1731 | D:3      | Found a shadowy altar of Dithmenos.
  1987 | D:3      | Found a faded altar of an unknown god.
  2018 | D:3      | You fall into a shaft and drop 3 floors!
  2023 | D:6      | Noticed a black bear
  2041 | D:6      | Found a staircase to the Ecumenical Temple.
  2065 | Temple   | Entered the Ecumenical Temple
  2080 | Temple   | Became a worshipper of Gozag Ym Sagoz the Greedy
  2110 | D:5      | Entered Level 5 of the Dungeon
  2122 | D:5      | Noticed a scorpion
  2128 | D:5      | Killed a scorpion
  2129 | D:5      | Reached XP level 5. HP: 34/48 MP: 5/5
  2142 | D:5      | Found a sand-covered staircase.
  2147 | Ossuary  | Entered an ossuary
  2210 | Ossuary  | HP: 22/48 [scorpion (6)]
  2215 | Ossuary  | HP: 15/48 [poisoned by a scorpion]
  2220 | Ossuary  | Reached skill level 5 in Long Blades
  2220 | Ossuary  | Reached XP level 6. HP: 44/54 MP: 6/6
  2298 | Ossuary  | Reached skill level 4 in Fighting
  2298 | Ossuary  | Reached skill level 6 in Long Blades
  2463 | Ossuary  | Reached XP level 7. HP: 43/63 MP: 7/7
  2465 | Ossuary  | HP: 25/63 [scorpion (7)]
  2470 | Ossuary  | HP: 15/63 [poisoned by a scorpion]
  2542 | Ossuary  | HP: 30/64 [scorpion (6)]
  2545 | Ossuary  | HP: 14/64 [poisoned by a scorpion]
  2547 | Ossuary  | HP: 5/64 [scorpion (4)]
  2548 | Ossuary  | HP: 1/64 [scorpion (4)]
  2550 | Ossuary  | Slain by a scorpion

Vanquished Creatures
  7 scorpions
  A centaur zombie (Ossuary)
  Jessica (D:2)
  5 scorpion zombies (Ossuary)
  3 adders
  3 worms
  A dart slug (D:1)
  An orc (D:2)
  6 endoplasms
  A gnoll zombie (Ossuary)
  4 goblins (D:2)
  6 hobgoblins
  3 quokkas
  4 ball pythons
  11 bats
  4 frilled lizards
  A goblin zombie (Ossuary)
  2 hobgoblin zombies (Ossuary)
  5 kobolds
  2 kobold zombies (Ossuary)
  An orc zombie (Ossuary)
  6 rats
78 creatures vanquished.

Table legend: (Time is in decaauts)
 A = Elapsed time spent in this place.
 B = Non-inter-level travel time spent in this place.
 C = Inter-level travel time spent in this place.
 D = Time resting spent in this place.
 E = Time spent auto-exploring this place.
 F = Levels seen in this place.
 G = Mean time per level.
                   A        B        C        D        E       F      G
               +--------+--------+--------+--------+--------+-----+--------+
         Total |   2589 |   2442 |    147 |    140 |   1652 |   7 |  369.9 |
       Dungeon |   2161 |   2042 |    119 |     16 |   1558 |   5 |  432.2 |
        Temple |     30 |      2 |     28 |      0 |      0 |   1 |   30.0 |
       Ossuary |    397 |    397 |      0 |    124 |     94 |   1 |  397.0 |
               +--------+--------+--------+--------+--------+-----+--------+

Top non-repeatable levels by time:
     D:1: 783 daAuts
     D:2: 731 daAuts
     D:3: 544 daAuts
 Ossuary: 397 daAuts
     D:6: 64 daAuts
     D:5: 38 daAuts
  Temple: 30 daAuts
